 Dungeon Crawl Stone Soup version 0.31.0-11-ge490571c62 (webtiles) character file.

Game seed: 17146467027373901008

760 NotreDorf the Poker (level 7, -6/55 HPs)
             Began as a Merfolk Gladiator on Jan 27, 2024.
             Was an Initiate of Sif Muna.
             Mangled by Duvessa
             ... wielding a +0 short sword
              (9 damage)
             ... on level 4 of the Dungeon.
             The game lasted 00:14:40 (4728 turns).

NotreDorf the Poker (Merfolk Gladiator)             Turns: 4728, Time: 00:14:40

Health: -6/55      AC:  5    Str: 16    XL:     7   Next: 80%
Magic:  11/11      EV: 14    Int:  8    God:    Sif Muna [......]
Gold:   300        SH:  0    Dex: 15    Spells: 12/12 levels left

rFire   . . .        a - +0 trident
rCold   . . .        (no shield)
rNeg    . . .        b - +0 leather armour
rPois   .            c - +0 helmet
rElec   .            o - +0 cloak
rCorr   +            (no gloves)
SInv    .            (no boots)
Will    .....        (no amulet)
Stlth   +            w - ring of resist corrosion
HPRegen 0.29/turn    (no ring)
MPRegen 0.12/turn

%: no passive effects
@: lit by a corona, glowing
A: (nimble swimmer 2), mertail
a: Renounce Religion


You were on level 4 of the Dungeon.
You worshipped Sif Muna.
Sif Muna was noncommittal.
You visited 2 branches of the dungeon, and saw 5 of its levels.

You collected 300 gold pieces.

Inventory:

Hand Weapons
 a - a +0 trident (weapon)
 u - a +0 halberd
Missiles
 d - 3 throwing nets (quivered)
 j - 5 curare-tipped darts
Armour
 b - a +0 leather armour (worn)
 c - a +0 helmet (worn)
 o - a +0 cloak (worn)
Jewellery
 w - a ring of resist corrosion (left hand)
Wands
 p - a wand of mindburst (14)
 t - a wand of polymorph (10)
Scrolls
 l - 3 scrolls of teleportation
Potions
 f - a potion of might {unknown}
 i - a potion of curing {unknown}
 m - a potion of berserk rage {unknown}
 v - 2 potions of lignification {unknown}
 x - a potion of mutation {unknown}
 z - a potion of ambrosia {unknown}


   Skills:
 + Level 4.5 Fighting
 + Level 6.3 Polearms
 - Level 2.0 Throwing
 + Level 6.3 Dodging
 - Level 4.1 Stealth
 + Level 3.1 Spellcasting
 + Level 0.2 Invocations
 + Level 0.2 Evocations


You had 12 spell levels left.
You didn't know any spells.
Your spell library contained the following spells:

 Spells                   Type           Power      Damage    Failure   Level
 Sting                    Conj/Alch      4%         1d3       36%         1
 Mercury Vapours          Alch/Air       2%         N/A       52%         2
 Frozen Ramparts          Ice            2%         1d1       75%         3
 Anguish                  Hex/Necr       0%         N/A       98%         4
 Cause Fear               Hex            0%         N/A       98%         4
 Leda's Liquefaction      Alch/Erth      0%         N/A       98%         4
 Olgreb's Toxic Radiance  Alch           1%         N/A       98%         4
 Petrify                  Alch/Erth      1%         N/A       98%         4
 Metabolic Englaciation   Hex/Ice        0%         N/A       100%        5
 Enfeeble                 Hex            0%         N/A       100%        7


Dungeon Overview and Level Annotations

Branches:
Dungeon (4/15)             Temple (1/1) D:4

Altars:
Ashenzari
Elyvilon
Fedhas
Gozag
Makhleb
Okawaru
Qazlal
Ru
Sif Muna
Trog
Uskayaw
Wu Jian
Yredelemnul
Zin
The Shining One

Annotations:
D:4 Duvessa


Innate Abilities, Weirdness & Mutations

((You are very nimble when in or above water. (Stealth+, EV+, Speed+++)))
Your lower body shifts to a powerful aquatic tail in water.


Message History

Dowan is lightly wounded.
Duvessa shouts!
You puncture Dowan!
Dowan is heavily wounded.
Dowan hits you but does no damage.
You barely miss Dowan.
Dowan is heavily wounded.
Dowan hits you but does no damage.
Duvessa says, "When magic and the sword combine, nothing stands against them."
You hit Dowan.
Dowan is almost dead.
Dowan says, "My weaknesses are her strengths!"
Dowan closely misses you.
You hit Dowan.
Dowan is almost dead.
Dowan hits you with a +0 dagger.
You hit Dowan.
You kill Dowan!
Sif Muna accepts your kill.
Duvessa screams in rage.
Duvessa goes berserk!
You closely miss Duvessa. Duvessa hits you with a +0 short sword!
You hit Duvessa.
Duvessa is lightly wounded.
Duvessa closely misses you. Duvessa hits you with a +0 short sword!
You hit Duvessa.
Duvessa is lightly wounded.
Duvessa closely misses you.
You hit Duvessa.
Duvessa is lightly wounded.
Duvessa hits you with a +0 short sword. Duvessa hits you with a +0 short sword!
* * * LOW HITPOINT WARNING * * *
You closely miss Duvessa.
Duvessa is lightly wounded.
Duvessa hits you with a +0 short sword!
* * * LOW HITPOINT WARNING * * *
You hit Duvessa.
Duvessa is lightly wounded.
Duvessa barely misses you. Duvessa hits you with a +0 short sword!
You die...

##..#.......####
##...##.......#
#.....###.......#
####.# #....!..#
#.. #.......#
##.###.......#
##....รท......#
#..)........##
####..@........#
......e.........+
................#
.........#.#....#
.........#<.....#
.........#####..#
.......... ..#
.........#
........#


You could see Duvessa (berserk).

Vanquished Creatures
  A kobold brigand (D:3)
  Dowan (D:4)
  4 howler monkeys (D:3)
  A jelly (D:4)
  An orc priest (D:4)
  A hound (D:3)
  An iguana (D:4)
  17 gnolls (D:3)
  6 adders (D:2)
  A white imp (D:3)
  4 dart slugs (D:1)
  A ribbon worm (D:2)
  31 orcs
  3 bats
  4 endoplasms (D:1)
  A giant cockroach (D:3)
  5 goblins
  5 hobgoblins
  13 jackals (D:3)
  A quokka (D:2)
  11 ball pythons
  2 frilled lizards (D:1)
  6 kobolds
  7 rats
128 creatures vanquished.

Notes
Turn   | Place    | Note
-------+----------+-------------------------------------------
     0 | D:1      | NotreDorf the Merfolk Gladiator began the quest for the
                  | Orb.
     0 | D:1      | Reached XP level 1. HP: 16/16 MP: 1/1
   275 | D:1      | Reached XP level 2. HP: 20/23 MP: 2/2
   477 | D:1      | Reached skill level 1 in Stealth
   633 | D:1      | Reached XP level 3. HP: 28/28 MP: 4/4
   976 | D:2      | Reached skill level 1 in Spellcasting
  1145 | D:2      | Reached XP level 4. HP: 24/34 MP: 5/5
  1407 | D:2      | Found a bloodstained altar of Trog.
  1718 | D:3      | Found a blossoming altar of Fedhas.
  1763 | D:3      | Reached XP level 5. HP: 18/41 MP: 7/7
  1869 | D:3      | Noticed a kobold brigand
  1895 | D:3      | Killed a kobold brigand
  1896 | D:3      | Reached skill level 5 in Polearms
  1896 | D:3      | Reached skill level 5 in Dodging
  1908 | D:3      | Reached XP level 6. HP: 21/47 MP: 9/9
  2378 | D:3      | HP: 2/48 [orc/+2 heavy flail (16)]
  2981 | D:3      | Found an iron altar of Okawaru.
  3406 | D:3      | Reached XP level 7. HP: 53/53 MP: 10/10
  4307 | D:4      | Found a burning altar of Makhleb.
  4330 | D:4      | Found a staircase to the Ecumenical Temple.
  4342 | Temple   | Entered the Ecumenical Temple
  4416 | Temple   | Became a worshipper of Sif Muna the Loreminder
  4470 | D:4      | Noticed Dowan
  4471 | D:4      | Noticed Duvessa
  4722 | D:4      | Killed Dowan
  4728 | D:4      | Mangled by Duvessa

Illustrated notes

Levels and vault maps discovered:
D:1:      nzn_arrival_crosshair, layout_loops_corners
D:2:      layout_basic, basic_altar, nicolae_hexahallways,
          kennysheep_generic_room_9
D:3:      lemuel_castle_with_subvaults [lemuel_castle_interior_original],
          layout_basic, okawaru_gym_becter, fedhas_altar_fruit_tree,
          serial_co_window_serial, co_window_corner_a, co_window_corner_a,
          co_window_paths_b, co_window_paths_a, co_window_of_opportunity_a,
          co_window_paths_b, co_window_of_opportunity_a, co_window_cross_1,
          co_window_corner_a, co_window_broadway_c, co_window_paths_c,
          co_window_broadway_c, co_window_corner_ca, glass_columns_b,
          glass_columns_b, glass_columns_a, glass_columns_a, glass_columns_a,
          kennysheep_generic_room_14
D:4:      layout_basic, cheibriados_altar_1, mainiacjoe_overflow_alcove_2,
          minmay_temple_entry_arrows, uniq_duvessa
Temple:   minmay_temple_bridge_abc

Skill      XL: |  1  2  3  4  5  6  7 |
---------------+----------------------+-----
Stealth        | 1 2 3 4 |  4.1
Spellcasting   | 1 2 3 |  3.1
Fighting       | 3 4 |  4.5
Polearms       | 5 6 |  6.3
Dodging        | 5 6 |  6.3
Throwing       | |  2.0
Invocations    | |  0.2
Evocations     | |  0.2

Action                     |  1- 3 |  4- 6 |  7- 9 || total
---------------------------+-------+-------+-------++-------
  Melee: Trident           |   110 |   248 |   123 ||   481
         Punch             |       |     1 |       ||     1
         Tailslap          |       |     7 |     7 ||    14
  Throw: Throwing net      |       |     3 |     1 ||     4
    Use: Scroll            |       |       |    10 ||    10
   Stab: Sleeping          |     3 |     8 |     1 ||    12
 Armour: Leather armour    |    48 |   104 |    44 ||   196
  Dodge: Dodged            |    48 |   190 |    71 ||   309
